 Dungeon Crawl Stone Soup version 0.29-a0-504-gec6baf379c (webtiles) character file.

Game seed: 18358283013060109821

157 Morbidden the Vexing (level 5, -2/29 HPs)
             Began as a Vampire Enchanter on May 28, 2022.
             Slain by an orc
             ... wielding a +1 short sword of flaming
              (3 damage)
             ... on level 3 of the Dungeon.
             The game lasted 00:03:16 (2305 turns).

Morbidden the Vexing (Vampire Enchanter)            Turns: 2305, Time: 00:03:17

Health: -2/29      AC:  2    Str:  7    XL:     5   Next: 15%
Magic:  0/8        EV: 12    Int: 20    God:
Gold:   163        SH:  0    Dex: 14    Spells: 6/8 levels left

rFire   . . .      SeeInvis +   a - +1 dagger (venom)
rCold   + + .      Faith    .   (no shield)
rNeg    + + +      Spirit   +   b - +0 robe
rPois   ∞          Reflect  .   (no helmet)
rElec   .          Harm     .   (no cloak)
rCorr   +          Rampage  .   (no gloves)
Will    .....                   (no boots)
Stlth   +++++.....              e - amulet of guardian spirit
HPRegen 0.00/turn               h - ring of resist corrosion
MPRegen 0.11/turn               (no ring)

@: bloodless, inhibited regen
A: bloodless, fangs 3, see invisible, vampiric 2
a: Bat Form, Revivify


You were on level 3 of the Dungeon.
You visited 1 branch of the dungeon, and saw 3 of its levels.

You collected 163 gold pieces.

Inventory:

Hand Weapons
 a - a +1 dagger of venom (weapon)
Armour
 b - a +0 robe (worn)
Jewellery
 e - an amulet of guardian spirit (around neck)
 h - a ring of resist corrosion (left hand)
Scrolls
 d - 2 scrolls of immolation {unknown}
 f - a scroll of identify {unknown}
 g - a scroll of teleportation {unknown}
 i - a scroll of magic mapping {unknown}
 j - a scroll of brand weapon {unknown}
 k - a scroll of poison {unknown}
Potions
 c - 3 potions of invisibility
 l - a potion of haste {unknown}


   Skills:
 * Level 1.2 Fighting
 * Level 2.3 Short Blades
 * Level 2.7 Dodging
 + Level 5.4 Stealth
 * Level 1.1 Unarmed Combat
 * Level 2.4 Spellcasting
 * Level 5.4 Hexes
 * Level 1.0 Ice Magic


You had 6 spell levels left.
You knew the following spells:

 Your Spells              Type           Power      Damage    Failure   Level
a - Ensorcelled Hibernat  Hex/Ice        30%        N/A       6%          2

Your spell library contained the following spells:

 Spells                   Type           Power      Damage    Failure   Level
 Confusing Touch          Hex            24%        N/A       4%          3
 Tukima's Dance           Hex            24%        N/A       4%          3
 Dazzling Flash           Conj/Hex       26%        N/A       14%         3
 Beastly Appendage        Tmut           4%         N/A       16%         1
 Wereblood                Tmut           2%         N/A       22%         2
 Spider Form              Tmut/Pois      2%         N/A       41%         3


Dungeon Overview and Level Annotations

Branches:
Dungeon (3/15)

Altars:


Innate Abilities, Weirdness & Mutations

You do not regenerate when monsters are visible.
You are frail without blood (-20% HP).
You can heal yourself when you bite living creatures.
You are immune to poison.
You have razor-sharp teeth.
You have supernaturally acute eyesight. (SInv)
You are afflicted with vampirism and can become a bat while bloodless.


Message History

Unknown command.
You barely miss the orc. The orc closely misses you.
Unknown command.
Casting: Ensorcelled Hibernation (safe; 6% risk of failure)
Confirm with . or Enter, or press ? or * to list all spells.
You don't have enough magic to cast this spell.
Unknown command.
Unknown command.
You barely miss the orc.
The orc hits you with a +1 short sword of flaming.
The orc burns you.
You hit the orc.
The orc is poisoned.
The orc is lightly wounded.
The orc barely misses you.
You closely miss the orc.
The orc is lightly wounded.
The orc hits you with a +1 short sword of flaming.
The orc burns you.
You barely miss the orc.
The orc is lightly wounded.
The orc hits you with a +1 short sword of flaming.
* * * LOW HITPOINT WARNING * * *
The orc burns you.
* * * LOW HITPOINT WARNING * * *
You barely miss the orc.
The orc is lightly wounded.
You closely miss the orc.
The orc is moderately wounded.
The orc hits you with a +1 short sword of flaming.
* * * LOW HITPOINT WARNING * * *
The orc burns you.
* * * LOW HITPOINT WARNING * * *
Unknown command.
Unknown command.
Okay, then.
Unknown command.
You closely miss the orc.
The orc is moderately wounded.
The orc hits you with a +1 short sword of flaming.
You die...

#
.###########.#
.........<.).#
######.#..###
#.##.#@#..#
..o#o#..#
#.##.#.#..#
...
#......#..#
#.#
#.##.###..#
..# #. ....
..# #. ..# #.
..# # #.


You could see an orc (very poisoned).

Vanquished Creatures
  An orc wizard (D:3)
  3 gnolls (D:3)
  4 adders
  A worm (D:3)
  2 dart slugs (D:1)
  3 orcs (D:3)
  5 ball pythons
  5 endoplasms (D:2)
  6 giant cockroaches
  7 goblins
  7 hobgoblins
  2 kobolds
  3 quokkas
  3 bats
  3 frilled lizards
  5 rats
60 creatures vanquished.

Notes
Turn   | Place    | Note
-------+----------+-------------------------------------------
     0 | D:1      | Morbidden the Vampire Enchanter began the quest for the
                  | Orb.
     0 | D:1      | Reached XP level 1. HP: 13/13 MP: 3/3
   101 | D:1      | Reached XP level 2. HP: 6/15 MP: 3/5
   692 | D:1      | Learned a level 2 spell: Ensorcelled Hibernation
   901 | D:1      | Found a faded altar of an unknown god.
   911 | D:1      | Reached skill level 5 in Hexes
  1060 | D:1      | Gained mutation: You are afflicted with vampirism and can
                  | become a bat while bloodless. [Vampire growth]
  1060 | D:1      | Reached XP level 3. HP: 20/20 MP: 6/6
  1558 | D:2      | Reached skill level 5 in Stealth
  1583 | D:2      | Reached XP level 4. HP: 24/24 MP: 7/7
  2071 | D:2      | Identified the +3 quarterstaff of the Ecumenical Temple
                  | {vamp, rC++ Will+ Dex+5}
  2221 | D:3      | Reached skill level 1 in Fighting
  2247 | D:3      | Reached skill level 1 in Unarmed Combat
  2274 | D:3      | Reached skill level 1 in Ice Magic
  2274 | D:3      | Reached XP level 5. HP: 29/29 MP: 1/8
  2304 | D:3      | HP: 1/29 [orc/+1 short sword of flaming (1)]
  2305 | D:3      | Slain by an orc

Illustrated notes

Levels and vault maps discovered:
D:1:      pf_arrival_petrified_forest, layout_loops_ring,
          shapermc_ecumenical_altar_notcrosses
D:2:      layout_rooms, grunt_ministairs_7, due_unseen_surprise
D:3:      layout_basic, old_standard_altar, serial_shops, shop

Skill      XL: |  1  2  3  4 |
---------------+-------------+-----
Hexes          | 5 |  5.4
Stealth        | 5 |  5.4
Short Blades   | 2 |  2.3
Fighting       | 1 |  1.2
Unarmed Combat | 1 |  1.1
Ice Magic      | 1 |  1.0
Dodging        | |  2.7
Spellcasting   | |  2.4

Action                   |  1- 3 |  4- 6 || total
-------------------------+-------+-------++-------
Melee: Dagger            |    74 |    58 ||   132
       Bite              |     6 |     6 ||    12
 Cast: Ensorcelled Hiber |     4 |     6 ||    10
 Abil: Exsanguinate      |     1 |       ||     1
 Stab: Sleeping          |    20 |     9 ||    29
       Distracted        |     1 |       ||     1
Armor: Robe              |     6 |     5 ||    11
Dodge: Dodged            |    25 |    33 ||    58

Table legend: (Time is in decaauts)
 A = Elapsed time spent in this place.
 B = Non-inter-level travel time spent in this place.
 C = Inter-level travel time spent in this place.
 D = Time resting spent in this place.
 E = Time spent auto-exploring this place.
 F = Levels seen in this place.
 G = Mean time per level.
                   A        B        C        D        E       F      G
               +--------+--------+--------+--------+--------+-----+--------+
         Total |   2291 |   2260 |     31 |    587 |   1212 |   3 |  763.7 |
       Dungeon |   2291 |   2260 |     31 |    587 |   1212 |   3 |  763.7 |
               +--------+--------+--------+--------+--------+-----+--------+

Top non-repeatable levels by time:
     D:1: 1214 daAuts
     D:2: 915 daAuts
     D:3: 161 daAuts
